 Dungeon Crawl Stone Soup version 0.14-a0-1653-g0ad7a2c (webtiles) character file.

160 Egregious the Chopper (level 4, -1/31 HPs)
             Began as a Demonspawn Chaos Knight on Dec 28, 2013.
             Was a Plaything of Xom.
             Slain by an ice beast (5 damage)
             ... on Level 3 of the Dungeon.
             The game lasted 00:17:38 (3171 turns).

Egregious the Chopper (Demonspawn Chaos Knight)     Turns: 3171, Time: 00:17:38

HP  -1/31        AC  8     Str 12      XL: 4   Next: 71%
MP   4/4         EV 10     Int 13      God: Xom
Gold 43          SH  0     Dex 14      Spells:  0 memorised,  3 levels left

rFire  + . .     SeeInvis +     i - +0,-3 hand axe (curse)
rCold  . . .     Clarity  .     b - +2 leather armour
rNeg   . . .     Conserve .     (no shield)
rPois  .         rCorr    .     (no helmet)
rElec  .         rRot     .     (no cloak)
SustAb . .       Spirit   .     (no gloves)
rMut   .         Warding  .     j - +0 pair of boots
Saprov . . .     Stasis   .     (no amulet)
                                (no ring)
                                h - ring of protection from fire

@: about to teleport, slow, slightly resistant to hostile enchantments,
unstealthy
A: yellow scales 1, see invisible, frail 1, slowness 1
a: Renounce Religion


You were on level 3 of the Dungeon.
You worshipped Xom.
You were a favourite toy of Xom.
You were hungry.

You visited 1 branch of the dungeon, and saw 3 of its levels.

You collected 43 gold pieces.

Inventory:

Hand weapons
 a - a +1,+0 hand axe of chaos
 i - a cursed +0,-3 hand axe (weapon)
Missiles
 n - 21 stones (quivered)
Armour
 b - a +2 leather armour (worn)
 j - a +0 pair of boots (worn)
Magical devices
 e - a wand of teleportation (3)
Comestibles
 c - 4 bread rations
 f - 4 meat rations
 g - a chunk of quokka flesh
 k - a chunk of bat flesh
 m - a chunk of bat flesh
Jewellery
 h - a ring of protection from fire (left hand)
Potions
 d - 2 potions of magic


   Skills:
 - Level 3.0 Fighting
 * Level 5.0 Axes
 - Level 1.7 Armour
 - Level 0.8 Dodging


You had 3 spell levels left.
You didn't know any spells.

Dungeon Overview and Level Annotations

Branches:
Dungeon (3/16)

Altars:


Innate Abilities, Weirdness & Mutations

You are partially covered in yellow scales (AC +2).
You have supernaturally acute eyesight.
You are frail (-10% HP).
You cover ground slowly.


Message History

You detect items!
The ice beast hits you but does no damage.
The ice beast hits you. The ice beast freezes you!
* * * LOW HITPOINT WARNING * * *
Drink which item? (? for menu, Esc to quit)
You feel better.
It was a potion of curing.
The ice beast closely misses you.
The ice beast hits you but does no damage.
Eat a chunk of quokka flesh? (ye/n/q/i?)
Okay, then.
You aren't carrying any spellbooks or scrolls.
Evoke which item? (* to show all) (? for menu, Esc to quit)
Zapping:
e - a wand of teleportation {zapped: 1} {god gift}
Press: ? - help, Shift-Dir - straight line, f - you You feel strangely unstable.
The ice beast hits you. The ice beast freezes you!
* * * LOW HITPOINT WARNING * * *
The ice beast hits you.
* * * LOW HITPOINT WARNING * * *
The ice beast freezes you.
You die...
Xom cackles wildly!

#..## . #.# #.# #.# #...
#.# #.# #.# #.# ##..#
#.#. #.# #.# #.# #...#
#.#.##.####.####.# #...#
..?..............# #...#
#.# #..####.######
##...# #.# #..# #.#
#....######.# #..# #.#
##.#.........###@.# #.#
...#...#####.##I%.# #.#
.#####..........#.####.#
...#...########..[.....#
##.#.### ##########
#...# #####


You could see an ice beast.

Vanquished Creatures
  3 gnolls (D:1)
  3 adders
  An inept item mimic (D:2)
  2 giant cockroaches
  9 goblins
  6 hobgoblins
  2 quokkas
  5 bats
  4 giant geckos
  3 giant newts
  3 jackals (D:2)
  7 kobolds
  6 rats
54 creatures vanquished.

Notes
Turn   | Place    | Note
--------------------------------------------------------------
     0 | D:1      | Egregious, the Demonspawn Chaos Knight, began the quest for the Orb.
     0 | D:1      | Reached XP level 1. HP: 18/18 MP: 1/1
   299 | D:1      | XOM: harmless Tloc miscast
   528 | D:1      | XOM: harmless Conj miscast
   555 | D:1      | XOM: mild Erth miscast
   581 | D:1      | Gained mutation: You are partially covered in yellow scales (AC +2). [demonic ancestry]
   581 | D:1      | Reached XP level 2. HP: 24/24 MP: 2/2
   736 | D:1      | XOM: colour smoke trail
  1301 | D:2      | Gained mutation: You have supernaturally acute eyesight. [potion of mutation]
  1301 | D:2      | Gained mutation: You cover ground slowly. [potion of mutation]
  1302 | D:2      | Gained mutation: Your system is resistant to poisons. [potion of mutation]
  1302 | D:2      | Gained mutation: You are frail (-10% HP). [potion of mutation]
  1302 | D:2      | Lost mutation: Your system is resistant to poisons. [potion of mutation]
  1397 | D:2      | XOM: colour smoke trail
  1419 | D:2      | XOM: 4-stop teleportation journey
  1467 | D:2      | XOM: divination: detect creatures
  1475 | D:1      | Reached XP level 3. HP: 12/26 MP: 3/3
  1515 | D:1      | XOM: colour smoke trail
  1647 | D:1      | XOM: noise
  1653 | D:1      | XOM: enchant monster (bad)
  1656 | D:1      | Reached skill level 4 in Axes
  1664 | D:1      | HP: 1/26 [gnoll/whip (2)]
  1784 | D:1      | XOM: god gift: ivory wand {god gift}
  2343 | D:2      | Reached XP level 4. HP: 28/31 MP: 4/4
  2473 | D:2      | XOM: enchant monster (bad)
  2984 | D:3      | Reached skill level 5 in Axes
  3129 | D:3      | Noticed an ice beast
  3155 | D:3      | XOM: divination: detect items
  3171 | D:3      | Slain by an ice beast

Action                   |  1- 3 |  4- 6 || total
-------------------------+-------+-------++-------
Melee: Hand axe          |   103 |    99 ||   202
Evoke: Wand              |     1 |     1 ||     2
  Use: Scroll            |     5 |     6 ||    11
       Potion            |     3 |     1 ||     4
 Stab: Petrifying        |     1 |       ||     1
       Paralysed         |     1 |       ||     1
       Petrified         |       |     1 ||     1
